 Dungeon Crawl Stone Soup version 0.27.1-33-g824d729ab1 (webtiles) character file.

Game seed: 10225580865755198835

572 testman the Ruffian (level 7, 0/52 HPs)
             Began as a Mummy Chaos Knight on Dec 25, 2021.
             Was a Plaything of Xom.
             Slain by an iguana (6 damage)
             ... on level 5 of the Dungeon.
             The game lasted 00:22:43 (4928 turns).

testman the Ruffian (Mummy Chaos Knight)            Turns: 4928, Time: 00:22:44

Health: 0/52       AC:  9    Str: 17    XL:     7   Next: 12%
Magic:  7/7        EV: 11    Int: 12    God:    Xom [..*...]
Gold:   145        SH:  0    Dex: 11    Spells: 4/6 levels left

rFire    x . .     SeeInvis .     - Unarmed
rCold    + . .     Faith    .   (no shield)
rNeg     + + +     Spirit   .   a - +2 leather armour
rPois    ∞         Reflect  .   c - +2 helmet
rElec    .         Harm     .   (no cloak)
rCorr    .         Rampage  .   g - +0 pair of gloves
Will     +....                  (no boots)
Stlth    +.........             (no amulet)
HPRegen  0.17/turn              k - ring of willpower
MPRegen  0.10/turn              (no ring)

@: no status effects
A: cold resistance 1, negative energy resistance 3, torment resistance 2, heat
vulnerability 1, no potions
a: Renounce Religion


You were on level 5 of the Dungeon.
You worshipped Xom.
You were a toy of Xom.
You visited 1 branch of the dungeon, and saw 5 of its levels.

You collected 145 gold pieces.

Inventory:

Hand Weapons
 o - a +0 hunting sling
Missiles
 b - 142 arrows
 d - 72 stones
 f - 43 poisoned darts (quivered)
 h - 31 bolts
 m - 5 boomerangs
 p - 56 sling bullets
Armour
 a - a +2 leather armour (worn)
 c - a +2 helmet (worn)
 g - a +0 pair of gloves (worn)
Jewellery
 k - a ring of willpower (left hand)
 l - an amulet of faith
 n - a +4 ring of evasion
Wands
 j - a wand of digging (3)
Scrolls
 e - 5 scrolls of identify {unknown}
 i - a scroll of vulnerability {unknown}
 q - a scroll of amnesia {unknown}
 r - a scroll of noise {unknown}
 s - a scroll of holy word {unknown}


   Skills:
 - Level 3.0 Fighting
 - Level 1.5 Armour
 - Level 0.7 Dodging
 + Level 6.2 Unarmed Combat
 + Level 2.7 Hexes


You had 4 spell levels left.
You knew the following spells:

 Your Spells              Type           Power      Damage    Failure   Level
a - Slow                  Hex            6%         N/A       21%         2

Your spell library contained the following spells:

 Spells                   Type           Power      Damage    Failure   Level
 Corona                   Hex            6%         N/A       13%         1
 Ensorcelled Hibernation  Hex/Ice        6%         N/A       34%         2
 Foxfire                  Conj/Fire      0%         2x1d4     36%         1
 Confusing Touch          Hex            6%         N/A       36%         3
 Tukima's Dance           Hex            6%         N/A       36%         3
 Inner Flame              Hex/Fire       3%         N/A       56%         3
 Conjure Flame            Conj/Fire      0%         6-21      75%         3
 Vampiric Draining        Necr           0%         2d6       75%         3


Dungeon Overview and Level Annotations

Branches:
Dungeon (5/15)             Temple (0/1) D:4

Altars:
Dithmenos
Qazlal
Xom

Shops:
D:2 *

Annotations:
D:3 3 runed translucent doors, dnasty's ghost, amateur DEFE


Innate Abilities, Weirdness & Mutations

You are immune to poison.
Your flesh is cold resistant. (rC+)
You are immune to negative energy. (rN+++)
You are immune to unholy pain and torment.
You are vulnerable to heat. (rF-)
You do not drink.


Message History

The necrophage hits you.
You hit the necrophage.
The necrophage is almost destroyed.
The necrophage closely misses you.
You barely miss the necrophage.
The necrophage is almost destroyed.
The necrophage hits you but does no damage.
You hit the necrophage.
You destroy the necrophage!
You have reached level 7!
You hit the iguana but do no damage. The iguana bites you!
You are too injured to fight recklessly!
You are too injured to fight recklessly!
You hit the iguana but do no damage. You hit the iguana but do no damage.
The iguana bites you but does no damage.
You closely miss the iguana.
The iguana bites you but does no damage.
You hit the iguana.
The iguana is moderately wounded.
The iguana bites you!
* * * LOW HITPOINT WARNING * * *
You hit the iguana but do no damage.
The iguana is moderately wounded.
The iguana bites you but does no damage.
You hit the iguana.
The iguana is heavily wounded.
The iguana bites you.
* * * LOW HITPOINT WARNING * * *
You barely miss the iguana.
The iguana is heavily wounded.
The iguana misses you.
You barely miss the iguana.
The iguana is heavily wounded.
The iguana closely misses you.
You hit the iguana but do no damage.
The iguana is heavily wounded.
The iguana bites you.
You die... "What!?
That's it?"

#.. #...# ## ##.... ..## #..#
##.... ##
...###..#####.#..### .(#
#...#....#.........###.###..
#...............#...#......#
##.....>.........#........(#
#...............@l.....(....#
.................##..........
.................##.......(..
#............##...#..........
#............##..##..........
.............#...###.........
.............#..## #.........
................. .......
#..............##


You could see an iguana.

Vanquished Creatures
  An ogre (D:5)
  2 necrophages (D:5)
  A bullfrog zombie (D:5)
  2 hounds (D:4)
  A centaur skeleton (D:5)
  An iguana (D:4)
  A hound skeleton (D:4)
  3 gnolls (D:4)
  2 adders (D:4)
  2 adder skeletons
  2 dart slugs (D:2)
  4 orcs
  13 ball pythons
  5 endoplasms
  5 giant cockroaches
  14 goblins
  7 hobgoblins
  7 jackals (D:1)
  8 kobolds
  A quokka (D:1)
  6 bats
  6 frilled lizards
  4 rats
98 creatures vanquished.

Notes
Turn   | Place    | Note
-------+----------+-------------------------------------------
     0 | D:1      | testman the Mummy Chaos Knight began the quest for the Orb.
     0 | D:1      | Reached XP level 1. HP: 18/18 MP: 1/1
   212 | D:1      | XOM: silly message
   334 | D:1      | XOM: silly message
   335 | D:1      | Reached skill level 3 in Unarmed Combat
   335 | D:1      | Reached XP level 2. HP: 14/24 MP: 2/2
   520 | D:1      | XOM: silly message
   676 | D:1      | XOM: silly message
   830 | D:1      | Reached XP level 3. HP: 22/29 MP: 3/3
   834 | D:1      | XOM: silly message
   884 | D:1      | XOM: silly message
   949 | D:1      | XOM: enchant monster (bad)
  1290 | D:1      | XOM: cloud trail
  1623 | D:2      | XOM: god gift: +2 great sword of chaos
  1669 | D:2      | XOM: cloud trail
  1950 | D:2      | Reached skill level 4 in Unarmed Combat
  2119 | D:2      | Found Hurreg's General Store.
  2204 | D:2      | Reached XP level 4. HP: 34/35 MP: 4/4
  2221 | D:2      | XOM is BORED!
  2348 | D:3      | XOM: silly message
  2435 | D:3      | XOM: scenery: create altars
  2535 | D:3      | XOM: scenery: summon butterflies
  2571 | D:3      | XOM: god gift: 14 gold pieces
  2650 | D:3      | Noticed dnasty's ghost (amateur DEFE)
  2660 | D:3      | Found a runed translucent gate.
  2660 | D:3      | Found a runed translucent gate.
  2660 | D:3      | Found a runed translucent gate.
  2837 | D:3      | Found a faded altar of an unknown god.
  2875 | D:3      | XOM: cloud trail
  3006 | D:3      | XOM: scenery: 3 doors open
  3068 | D:4      | XOM: divination: detect items
  3248 | D:4      | XOM: 7-stop teleportation journey
  3313 | D:4      | Found a shadowy altar of Dithmenos.
  3316 | D:4      | XOM: enchant monster (good)
  3366 | D:4      | Reached XP level 5. HP: 25/41 MP: 5/5
  3516 | D:4      | Reached skill level 5 in Unarmed Combat
  3614 | D:4      | XOM: 2-stop teleportation journey
  3812 | D:4      | Found a staircase to the Ecumenical Temple.
  4104 | D:4      | Noticed an ogre
  4122 | D:4      | XOM: confuse monster(s)
  4197 | D:3      | XOM: scenery: 1 doors close
  4215 | D:3      | XOM: scenery: 1 doors open
  4403 | D:3      | XOM: fake destruction
  4427 | D:3      | XOM: divination: magic mapping
  4644 | D:4      | Found a stormy altar of Qazlal.
  4652 | D:4      | Learned a level 2 spell: Slow
  4686 | D:5      | Entered Level 5 of the Dungeon
  4702 | D:5      | Reached XP level 6. HP: 40/47 MP: 4/6
  4791 | D:5      | Reached skill level 1 in Hexes
  4909 | D:5      | Reached skill level 6 in Unarmed Combat
  4919 | D:5      | Reached XP level 7. HP: 27/52 MP: 7/7
  4928 | D:5      | Slain by an iguana

Illustrated notes

Levels and vault maps discovered:
D:1:      dpeg_arrival_round_a, layout_basic, minmay_pentomino_q2
D:2:      layout_loops_ring, serial_shops,
          nicolae_shop_competitors_out_of_business
D:3:      layout_basic, gammafunk_ghost_split,
          hellmonk_ecumenical_altar_arch_garden
D:4:      layout_layer_cave, lemuel_round_altar, nicolae_dithmenos_the_darkroom,
          minmay_temple_entry_statues_fountains
D:5:      layout_cave_pools, uniq_blork_the_orc

Skill      XL: |  1  2  3  4  5  6 |
---------------+-------------------+-----
Unarmed Combat | 3 4 5 6 |  6.2
Hexes          | 2 |  2.7
Fighting       | |  3.0
Armour         | |  1.5
Dodging        | |  0.7

Action                   |  1- 3 |  4- 6 |  7- 9 || total
-------------------------+-------+-------+-------++-------
Melee: Unarmed           |   199 |   225 |    10 ||   434
       Punch             |     2 |     8 |       ||    10
Throw: Dart              |       |    18 |       ||    18
 Stab: Sleeping          |       |     1 |       ||     1
Armor: Leather armour    |    96 |   109 |     3 ||   208
Dodge: Dodged            |    97 |   127 |     2 ||   226
